 Dungeon Crawl Stone Soup version 0.18-a0-1292-ge8ad84c (webtiles) character file.

1219 Reinor the Covert (level 8, -2/39 HPs)
             Began as a Spriggan Abyssal Knight on Feb 10, 2016.
             Was a Priest of Lugonu.
             Slain by an orc warrior
             ... wielding a +0 scimitar
              (16 damage)
             ... on level 4 of the Dungeon.
             The game lasted 00:16:09 (4708 turns).

Reinor the Covert (Spriggan Abyssal Knight)         Turns: 4708, Time: 00:16:09

Health: -2/39      AC:  3    Str:  8    XL:     8   Next: 23%
Magic:  13/13      EV: 23    Int: 15    God:    Lugonu [***...]
Gold:   197        SH:  0    Dex: 16    Spells: 0 memorised, 7 levels left

rFire  . . .     SeeInvis +     m - +0 rapier
rCold  + . .     Gourm    .     l - +0 robe (curse)
rNeg   . . .     Faith    .     (shield restricted)
rPois  .         Spirit   .     (helmet restricted)
rElec  .         Dismiss  +     k - +0 cloak
rCorr  .         Reflect  .     (gloves unavailable)
SustAt .         Harm     .     (boots unavailable)
MR     +....                    n - amulet of dismissal
Stlth  ++........               (no ring)
                                f - ring of protection from cold

@: glowing, very quick, somewhat resistant to hostile enchantments, unstealthy
A: unfitting armour, see invisible, herbivore 3, speed 3, slow metabolism 2
a: Depart the Abyss, Bend Space, Banish, Renounce Religion


You were on level 4 of the Dungeon.
You worshipped Lugonu.
Lugonu was most pleased with you.
You were very hungry.

You visited 1 branch of the dungeon, and saw 4 of its levels.
You visited the Abyss 1 time.

You collected 197 gold pieces.

Inventory:

Hand Weapons
 a - a +2 hunting sling of flaming
 m - a +0 rapier (weapon)
Missiles
 e - 25 poisoned needles
 g - 13 sling bullets
 o - 17 silver sling bullets
Armour
 k - a +0 cloak (worn)
 l - a cursed +0 robe (worn)
Jewellery
 f - a ring of protection from cold (left hand)
 n - an amulet of dismissal (around neck)
Wands
 p - a wand of iceblast (10/15)
Scrolls
 d - 2 scrolls of enchant weapon
 i - a scroll of immolation
 j - 2 scrolls of amnesia {unknown}
Potions
 h - a potion of berserk rage {unknown}
Comestibles
 b - 3 fruits
 c - 2 bread rations


   Skills:
 + Level 2.5 Fighting
 - Level 5.1 Short Blades
 + Level 7.6 Dodging
 - Level 8.1 Stealth
 - Level 5.4 Invocations


You had 7 spell levels left.
You didn't know any spells.

Dungeon Overview and Level Annotations

Branches:
Dungeon (4/15)
 Temple: D:4-7

Altars:
Makhleb
Vehumet
Xom
Zin

Shops:
D:4 (


Innate Abilities, Weirdness & Mutations

You are tiny and cannot use many weapons and most armour.
You have supernaturally acute eyesight.
You are a herbivore.
You cover ground extremely quickly.
You need consume almost no food.


Message History

The orc priest casts a cantrip, but nothing happens.
The orc completely misses you.
You hit the orc priest.
The orc priest is lightly wounded.
The orc closely misses you. The orc priest misses you.
An orc warrior comes into view. It is wielding a scimitar.
You hit the orc priest.
The orc priest is moderately wounded.
The orc closely misses you.
You hit the orc warrior.
The orc warrior is lightly wounded.
The orc completely misses you.
You hit the orc warrior.
The orc warrior is moderately wounded.
The orc warrior hits you with a scimitar.
The orc completely misses you.
You hit the orc warrior but do no damage.
The orc warrior is moderately wounded.
The orc warrior hits you with a scimitar!
You die...

♣#.###..............
................(...
♣#.............#####
♣#.............# ##
♣#.............# ...
#......)......# ....
#.)...........# .....
#.#####>#########..$...
#.# #.........@oo.....
#.# #.........o..#####
#.# #....._(.....# #.#
#...#####....# #.#
#...#..A#....# #.#
#...#...#....# #.#
#...#...#....# #.#
#..[#####....# #.#
#....._......#


You could see an angel (mute), an orc warrior, an orc priest and an orc.

Vanquished Creatures
  Grinder (D:4)
  Sigmund (D:2)
  2 ogres (D:4)
  2 scorpions (D:4)
  A crimson imp (D:4)
  A hound (D:4)
  An orc priest (D:3)
  8 orc wizards
  A giant frog skeleton (D:4)
  Jessica (D:3)
  2 worker ants (D:4)
  A hound skeleton (D:4)
  5 adders
  3 gnolls (D:3)
  3 giant geckos
  12 orcs
  4 bats
  4 giant cockroaches
  7 goblins
  7 hobgoblins
  6 jackals
  2 quokkas (D:4)
  8 kobolds
  4 rats
87 creatures vanquished.

Notes
Turn   | Place    | Note
--------------------------------------------------------------
     0 | Abyss:1  | Reinor the Spriggan Abyssal Knight began the quest for the Orb.
     0 | Abyss:1  | Reached XP level 1. HP: 11/11 MP: 3/3
    50 | Abyss:1  | Noticed an ancient zyme
    74 | Abyss:1  | Noticed an eye of draining
    75 | Abyss:1  | Noticed a starcursed mass
    80 | D:1      | Escaped the Abyss
   482 | D:1      | Reached skill level 1 in Stealth
   511 | D:1      | Reached * piety under Lugonu
   535 | D:1      | Reached XP level 2. HP: 14/16 MP: 4/4
  1169 | D:2      | Noticed Sigmund
  1213 | D:2      | Reached XP level 3. HP: 14/19 MP: 5/5
  1399 | D:2      | Found a burning altar of Makhleb.
  1525 | D:2      | Reached skill level 4 in Stealth
  1933 | D:2      | Reached XP level 4. HP: 18/23 MP: 6/6
  2143 | D:2      | Killed Sigmund
  2143 | D:2      | Reached ** piety under Lugonu
  2143 | D:2      | Reached skill level 6 in Stealth
  2143 | D:2      | Reached XP level 5. HP: 21/27 MP: 7/7
  2201 | D:3      | Reached skill level 5 in Short Blades
  2203 | D:3      | Reached XP level 6. HP: 22/32 MP: 8/8
  2211 | D:3      | Reached skill level 7 in Stealth
  2404 | D:3      | Noticed Jessica
  2415 | D:3      | Killed Jessica
  2745 | D:3      | Reached skill level 8 in Stealth
  2762 | D:3      | Found a faded altar to an unknown god.
  2773 | D:3      | Reached XP level 7. HP: 27/35 MP: 10/10
  3291 | D:4      | Reached skill level 5 in Dodging
  3343 | D:4      | Found a shimmering altar of Xom.
  3344 | D:4      | Noticed an angel
  3347 | D:4      | Found a glowing silver altar of Zin.
  3387 | D:4      | Noticed Grinder
  4321 | D:4      | Found Siyjue's Weapon Shop.
  4403 | D:4      | Found a radiant altar of Vehumet.
  4640 | D:4      | Killed Grinder
  4640 | D:4      | Reached skill level 5 in Invocations
  4640 | D:4      | Reached XP level 8. HP: 32/39 MP: 11/13
  4701 | D:4      | Reached *** piety under Lugonu
  4708 | D:4      | Slain by an orc warrior

Vault maps used:
D:1:      lemuel_arrival_lava_pool
D:2:      old_standard_altar, uniq_sigmund
D:3:      ecumenical_altar_1, uniq_jessica
D:4:      forest_paths, grunt_temple_overflow_order_and_chaos_1, first_bread,
          serial_shops, kennysheep_mini, vehumet_altar_wand_db, uniq_grinder

Action                   |  1- 3 |  4- 6 |  7- 9 || total
-------------------------+-------+-------+-------++-------
Melee: Short sword       |    94 |       |       ||    94
       Rapier            |    30 |    97 |   204 ||   331
 Fire: Hunting sling     |       |       |    53 ||    53
Invok: Depart the Abyss  |     1 |       |       ||     1
  Use: Scroll            |     1 |     3 |     2 ||     6
       Potion            |     1 |     3 |     1 ||     5
 Stab: Sleeping          |     7 |    12 |     5 ||    24
  Eat: Fruit             |       |       |     1 ||     1
